 Dungeon Crawl Stone Soup version 0.29.1-12-g30fa7ad0bf (webtiles) character file.

Game seed: 11800841948682448613

1371 Sanktem7 the Fighter (level 8, -10/112 HPs)
             Began as a Minotaur Fighter on Jan 3, 2023.
             Was a Follower of Trog.
             Killed by divine providence
             ... invoked by an orc priest
              (12 damage)
             ... on level 5 of the Dungeon.
             The game lasted 00:10:56 (6692 turns).

Sanktem7 the Fighter (Minotaur Fighter)             Turns: 6692, Time: 00:10:57

Health: -10/112    AC: 24    Str: 23    XL:     8   Next: 38%
Magic:  7/7        EV:  2    Int:  5    God:    Trog [*.....]
Gold:   325        SH:  4    Dex: 10    Spells: 7/7 levels left

rFire   . . .      SeeInvis .   p - +7 club {mace}
rCold   . . .      Faith    .   c - +0 buckler
rNeg    . . .      Spirit   .   (body armour currently unavailable)
rPois   +          Reflect  .   (helmet currently unavailable)
rElec   .          Harm     .   (cloak currently unavailable)
rCorr   .          Rampage  .   (gloves currently unavailable)
Will    .....      NoTele   +   (boots currently unavailable)
Stlth   +.........              (no amulet)
HPRegen 0.28/turn               y - ring of wizardry
MPRegen 0.10/turn               (no ring)

@: tree-form
A: stationary, stasis, torment immunity, boosted hp, (horns 2), (retaliatory
headbutt)
a: Renounce Religion, Berserk


You were on level 5 of the Dungeon.
You worshipped Trog.
Trog was aware of your devotion.
You were a tree.
You visited 2 branches of the dungeon, and saw 7 of its levels.

You collected 325 gold pieces.


Innate Abilities, Weirdness & Mutations

You are a tree.
Your roots penetrate the ground, keeping you stationary.
You cannot be teleported.
You are immune to unholy pain and torment.
Your maximum health is greatly increased.
Your equipment is partially melded.
((You have a pair of horns on your head.))
((You reflexively headbutt those who attack you in melee.))


   Skills:
 * Level 8.7 Fighting
 * Level 8.1 Maces & Flails
 + Level 6.5 Armour
 - Level 3.6 Shields


You had 7 spell levels left.
You didn't know any spells.
Your spell library contained the following spells:

 Spells                   Type           Power      Damage    Failure   Level
 Poisonous Vapours        Pois/Air       0%         N/A       38%         2
 Confusing Touch          Hex            0%         N/A       61%         3
 Corpse Rot               Necr/Pois/Air  0%         N/A       93%         4
 Yara's Violent Unravell  Hex/Tmut       0%         3d3       99%         5
 Enfeeble                 Hex            0%         N/A       100%        7

Inventory:

Hand Weapons
 p - a +7 club (weapon) {mace}
   (You took it off Jessica on level 2 of the Dungeon)
 E - a +0 rapier of speed {short}
   (You took it off a goblin on level 4 of the Dungeon)
 G - a +1 dagger of venom {short}
   (You took it off Ijyb on level 5 of the Dungeon)
Missiles
 f - 92 stones (quivered) {throwing}
 k - 4 silver javelins {throwing}
 w - 3 boomerangs {throwing}
 H - 3 javelins {throwing}
Armour
 b - a +0 scale mail (melded)
 c - a +0 buckler (worn)
 g - a +0 pair of gloves (melded)
   (You found it on level 1 of the Dungeon)
 C - a +0 cloak (melded)
   (You took it off Crazy Yiuf on level 3 of the Dungeon)
Jewellery
 l - a ring of fire
   (You found it on level 4 of the Dungeon)
 y - a ring of wizardry (left branch)
   (You found it on level 3 of the Dungeon)
 I - a ring of flight
   (You took it off Eustachio on level 5 of the Dungeon)
Wands
 a - a wand of flame (28)
   (You found it on level 4 of the Dungeon)
 i - a wand of iceblast (15)
   (You found it on level 3 of the Dungeon)
Scrolls
 h - 2 scrolls of amnesia
 o - a scroll of vulnerability {!r!r}
 r - 3 scrolls of magic mapping {unknown}
 s - a scroll of summoning
 t - 8 scrolls of teleportation {@r4}
 v - a scroll of noise {unknown}
 x - 2 scrolls of blinking {unknown}
 B - a scroll of silence {unknown}
Potions
 d - 2 potions of might
 e - 7 potions of degeneration {unknown}
 j - 2 potions of heal wounds {unknown}
 m - 3 potions of curing {@q1}
 n - a potion of mutation {unknown}
 q - a potion of lignification {!q}
 u - 2 potions of haste {unknown}
 z - a potion of flight {unknown}
 A - a potion of resistance {unknown}
 D - a potion of brilliance {unknown}
 F - a potion of berserk rage {unknown}

Dungeon Overview and Level Annotations

Branches:
Dungeon (6/15) Zot: 26086  Temple (1/1) D:4 Zot: 5956

Altars:
Ashenzari
Cheibriados
Dithmenos
Elyvilon
Fedhas
Gozag
Hepliaklqana
Kikubaaqudgha
Nemelex Xobeh
Okawaru
Qazlal
Ru
Sif Muna
Trog
Uskayaw
Vehumet
Wu Jian
Xom
Yredelemnul
The Shining One

Shops:
D:1 :   D:3 (

Annotations:
D:4 2 transporters, hawla's ghost, amateur MeIE

########....# #...
##...........#####...
##.......#............
#.........#.#.........
#.........#.#.........
#...........##........
#.....................
#...o.[...............
##..o♣)..#........#...
#...)o................
#....................#
#######.............###.....
#....##..................#..
#....##.............##......
#..........................#
#...................##.....#
#....####...................


You could see an orc priest, an orc wizard and an orc.


Message History

The orc wizard hits you but does no damage.
The orc zaps a wand.
You struggle to resist.
The orc priest hits you but does no damage.
You're too confused to move!
The orc wizard hits you but does no damage. x2
The orc priest calls down the wrath of Beogh upon you.
Beogh smites you! 😮 HP[-14]
You take 14 damage, and now have 45/75 hp.
The orc wizard attacks as you move away!
The orc wizard barely misses you.
The orc wizard hits you but does no damage.
There is a stone staircase leading up here.
The orc wizard hits you but does no damage.
The orc wizard gestures at you while chanting.
The magic dart hits you but does no damage.
The orc priest hits you but does no damage.
The orc hits you with a +0 mace.
You climb upwards.
You feel less confused.
There is a stone staircase leading down here. 😮 HP[-6]
You take 6 damage, and now have 39/75 hp.
You are too injured to fight recklessly!
You are too injured to fight recklessly!
You are too injured to fight recklessly!
You are too injured to fight recklessly!
You are too injured to fight recklessly!
You are too injured to fight recklessly!
You are too injured to fight recklessly!
You are too injured to fight recklessly!
You are too injured to fight recklessly!
You are too injured to fight recklessly!
You are too injured to fight recklessly!
You are too injured to fight recklessly!
You are too injured to fight recklessly!
You are too injured to fight recklessly!
You are too injured to fight recklessly!
You are too injured to fight recklessly!
You are too injured to fight recklessly!
You are too injured to fight recklessly!
You are too injured to fight recklessly!
You are too injured to fight recklessly!
You are too injured to fight recklessly!
You are too injured to fight recklessly!
You are too injured to fight recklessly!
You are too injured to fight recklessly!
You are too injured to fight recklessly!
You are too injured to fight recklessly!
You are too injured to fight recklessly!
You are too injured to fight recklessly!
You are too injured to fight recklessly!
You are too injured to fight recklessly!
You are too injured to fight recklessly!
You are too injured to fight recklessly!
You are too injured to fight recklessly!
You sock the orc wizard! You block the orc's attack.
The orc wizard gestures at you while chanting.
The magic dart hits you.
* * * LOW HITPOINT WARNING * * *
The orc priest barely misses you.
The orc wizard barely misses you. 😨 HP[-2]
You take 2 damage, and now have 37/75 hp.
You hit the orc wizard.
You kill the orc wizard!
Trog accepts your kill.
Trog appreciates your killing of a magic user.
The orc hits you but does no damage.
The orc priest calls down the wrath of Beogh upon you.
Beogh smites you!
* * * LOW HITPOINT WARNING * * *
The orc wizard hits you with a +0 falchion.
* * * LOW HITPOINT WARNING * * *
😨 HP[-14]
You take 14 damage, and now have 23/75 hp.
You hit the orc priest. You block the orc's attack.
The orc priest completely misses you. The orc wizard casts a spell at you.
The magic dart hits you.
* * * LOW HITPOINT WARNING * * *
😨 HP[-3]
You take 3 damage, and now have 20/75 hp.
You hit the orc priest but do no damage.
The orc zaps a wand.
Your mind is blasted!
* * * LOW HITPOINT WARNING * * *
The orc priest looks satisfied for a moment.
The orc wizard barely misses you. 😱 HP[-19]
You take 19 damage, and now have 1/75 hp.
MASSIVE DAMAGE!! (PAUSE) Really quaff the potion of lignification?
You turn into a tree.
Your +0 cloak melds into your body.
Your +0 pair of gloves melds into your body.
Your +0 scale mail melds into your body.
Your roots penetrate the ground.
The orc hits you but does no damage.
The orc priest mumbles some strange prayers to Beogh against you.
Beogh smites you!
You die...

Skill      XL: |  1  2  3  4  5  6  7  8 |
---------------+-------------------------+-----
Fighting       | 4 5 6 7 8 |  8.7
Maces & Flails | 3 4 5 6 7 8 |  8.1
Armour         | 4 5 6 |  6.5
Shields        | |  3.6

Action                   |  1- 3 |  4- 6 |  7- 9 || total
-------------------------+-------+-------+-------++-------
Melee: Flail             |    60 |       |       ||    60
       Headbutt          |     6 |    17 |    18 ||    41
       Club              |     5 |   137 |   106 ||   248
  Use: Scroll            |       |     8 |       ||     8
       Potion            |       |       |     1 ||     1
Armor: Scale mail        |    22 |    72 |    79 ||   173
       Skin              |       |       |     1 ||     1
Dodge: Dodged            |    35 |    46 |    80 ||   161
Block: Buckler           |    10 |    22 |    32 ||    64

Levels and vault maps discovered:
D:1:      psy_arrival_radial02, layout_rooms, serial_shops, shop,
          minmay_pentomino_z2
D:2:      layout_basic, ebering_ecumenical_altar_box, basic_altar,
          minmay_misc_feat_roman, kennysheep_crisscross,
          minmay_misc_feat_four_crosses, uniq_jessica
D:3:      layout_loops_ring, serial_shops, nicolae_shop_stone,
          nicolae_elevator_lobby_asterisk, uniq_crazy_yiuf_cottage
D:4:      layout_basic, nicolae_elyvilon_temple_path, temple_statues,
          gammafunk_ghost_arena
D:5:      layout_rooms, okawaru_altar_gauntlet_db, grunt_ministairs_15,
          lemuel_flamethrower_1, uniq_eustachio, uniq_ijyb
D:6:      layout_cave_pools, mainiacjoe_overflow_catwalk, serial_glass,
          glass_columns_a, glass_columns_a, uniq_grinder
Temple:   hellmonk_temple_divided_pantheon

Notes
Turn   | Place    | Note
-------+----------+-------------------------------------------
     0 | D:1      | Sanktem7 the Minotaur Fighter began the quest for the Orb.
     0 | D:1      | Reached XP level 1. HP: 19/19 MP: 0/0
     0 | D:1      | magus.rc [v1.9.6]
    72 | D:1      | Found Ukytacuo's Book Boutique.
   148 | D:1      | Reached XP level 2. HP: 22/27 MP: 1/1
   299 | D:1      | Reached skill level 4 in Fighting
   326 | D:1      | Reached skill level 3 in Maces & Flails
   620 | D:1      | Reached XP level 3. HP: 33/33 MP: 2/2
   793 | D:2      | Found an ornate altar of the Wu Jian Council.
   796 | D:2      | Noticed Jessica
   803 | D:2      | Killed Jessica
   804 | D:2      | Reached skill level 4 in Armour
   929 | D:2      | You pick up a book of Vapours and begin reading...
   929 | D:2      | You add the spells Poisonous Vapours and Corpse Rot to your
                  | library.
  1033 | D:2      | Reached XP level 4. HP: 41/41 MP: 3/3
  1072 | D:2      | You pick up a book of Misfortune and begin reading...
  1072 | D:2      | You add the spells Confusing Touch, Yara's Violent
                  | Unravelling and Enfeeble to your library.
  1182 | D:2      | Found a faded altar of an unknown god.
  1729 | D:3      | Reached skill level 4 in Maces & Flails
  1847 | D:3      | Found Nojyus's Antique Weapon Shop.
  1909 | D:3      | Reached skill level 5 in Fighting
  1919 | D:3      | Reached XP level 5. HP: 19/48 MP: 4/4
  2107 | D:3      | Found a runed translucent door.
  2108 | D:3      | Noticed Crazy Yiuf
  2644 | D:3      | Killed Crazy Yiuf
  2725 | D:4      | Noticed an orc warrior
  2733 | D:4      | Noticed hawla's ghost (amateur MeIE)
  2799 | D:4      | Found a staircase to the Ecumenical Temple.
  2846 | D:4      | Found a transporter.
  2890 | D:4      | Found a transporter.
  2896 | D:4      | Noticed an ogre
  2904 | D:4      | Killed an ogre
  2905 | D:4      | Reached skill level 5 in Maces & Flails
  2905 | D:4      | Reached XP level 6. HP: 19/57 MP: 5/5
  3121 | D:4      | Reached skill level 6 in Fighting
  3376 | D:4      | Reached skill level 5 in Armour
  3421 | D:4      | Found a white marble altar of Elyvilon.
  3553 | Temple   | Entered the Ecumenical Temple
  3553 | Temple   | Found a transporter.
  3553 | Temple   | Found a transporter.
  3557 | Temple   | Found a transporter.
  3557 | Temple   | Found a transporter.
  3578 | Temple   | Became a worshipper of Trog the Wrathful
  3985 | D:5      | Entered Level 5 of the Dungeon
  4119 | D:5      | Noticed Ijyb
  4134 | D:5      | HP: 13/58 [ogre/+0 giant club (16)]
  4370 | D:5      | HP: 6/58 [ogre/+0 giant club (20)]
  4374 | D:4      | Reached skill level 6 in Maces & Flails
  4668 | D:5      | Killed Ijyb
  4669 | D:5      | Reached XP level 7. HP: 36/64 MP: 6/6
  5035 | D:5      | Reached skill level 7 in Fighting
  5228 | D:5      | Noticed Eustachio
  5246 | D:5      | Killed Eustachio
  5247 | D:5      | Reached skill level 7 in Maces & Flails
  5304 | D:5      | Found an iron altar of Okawaru.
  5352 | D:5      | Reached skill level 6 in Armour
  5401 | D:5      | Reached * piety under Trog
  5406 | D:5      | Reached XP level 8. HP: 45/74 MP: 7/7
  5793 | D:6      | Reached skill level 8 in Fighting
  6022 | D:5      | HP: 18/74 [centaur (4)]
  6391 | D:6      | Found an ancient bone altar of Kikubaaqudgha.
  6396 | D:6      | Reached skill level 8 in Maces & Flails
  6691 | D:5      | HP: 1/75 [disintegration (19)]
  6692 | D:5      | Killed from afar by an orc priest

Vanquished Creatures
  Eustachio (D:5)
  A black bear (D:5)
  2 ogres (D:4)
  A centaur (D:5)
  3 bullfrogs
  3 jellies
  2 hounds (D:4)
  Crazy Yiuf (D:3)
  3 orc priests
  Jessica (D:2)
  Ijyb (D:5)
  6 orc wizards
  A gnoll (D:5)
  10 adders
  An ufetubus (D:5)
  A worm (D:5)
  A dart slug (D:1)
  25 orcs
  8 bats
  6 endoplasms
  3 giant cockroaches
  7 hobgoblins
  2 quokkas
  12 ball pythons
  A frilled lizard (D:1)
  5 goblins
  10 kobolds
  6 rats
124 creatures vanquished.

Vanquished Creatures (others)
  13 plants (D:4)
13 creatures vanquished.

Grand Total: 137 creatures vanquished

Table legend:
 A = Non-vault XP
 B = Vault XP
 C = Vault XP percentage of total XP
 D = Non-vault monster count
 E = Vault monster count
 F = Vault count percentage of total count
                 A         B        C        D         E       F
            +---------+---------+-------+---------+---------+-------
      Total |    1509 |     450 |  23.0 |     110 |      14 |  11.3
            +---------+---------+-------+---------+---------+-------
        D:1 |      39 |       2 |   4.9 |      23 |       2 |   8.0
        D:2 |      26 |      37 |  58.7 |      12 |       1 |   7.7
        D:3 |     100 |      41 |  29.1 |      18 |       1 |   5.3
        D:4 |     428 |       0 |   0.0 |      24 |       0 |   0.0
        D:5 |     704 |     370 |  34.5 |      27 |      10 |  27.0
        D:6 |     212 |       0 |   0.0 |       6 |       0 |   0.0
            +---------+---------+-------+---------+---------+-------

Illustrated notes

Table legend:
 A = Kills in this place as a percentage of kills in entire the game.
 B = Kills by you in this place as a percentage of kills by you in the entire game.
 C = Kills by friends in this place as a percentage of kills by friends in the entire game.
 D = Other kills in this place as a percentage of other kills in the entire game.
 E = Experience gained in this place as a percentage of experience gained in the entire game.
 F = Experience gained in this place divided by the number of levels of this place that you have seen.
                   A       B       C       D       E      F
               +-------+-------+-------+-------+-------+----------------------
         Total | 100.0 | 100.0 |   N/A |   N/A | 100.0 | 279.9
       Dungeon | 100.0 | 100.0 |   N/A |   N/A | 100.0 | 326.5
               +-------+-------+-------+-------+-------+----------------------

Table legend: (Time is in decaauts)
 A = Elapsed time spent in this place.
 B = Non-inter-level travel time spent in this place.
 C = Inter-level travel time spent in this place.
 D = Time resting spent in this place.
 E = Time spent auto-exploring this place.
 F = Levels seen in this place.
 G = Mean time per level.
                   A        B        C        D        E       F      G
               +--------+--------+--------+--------+--------+-----+--------+
         Total |   6741 |   6490 |    251 |    938 |   4660 |   7 |  963.0 |
       Dungeon |   6698 |   6447 |    251 |    938 |   4660 |   6 | 1116.3 |
        Temple |     43 |     43 |      0 |      0 |      0 |   1 |   43.0 |
               +--------+--------+--------+--------+--------+-----+--------+

Top non-repeatable levels by time:
     D:5: 2020 daAuts
     D:4: 1732 daAuts
     D:3: 1140 daAuts
     D:2: 832 daAuts
     D:1: 782 daAuts
     D:6: 189 daAuts
  Temple: 43 daAuts
